 Dungeon Crawl Stone Soup version 0.29-a0-504-gec6baf379c (webtiles) character file.

Game seed: 4405569986138590465

749 MeArio the Shield-Bearer (level 7, -9/63 HPs)
             Began as a Minotaur Fighter on May 28, 2022.
             Mangled by an acid dragon (12 damage)
             ... on level 5 of the Dungeon.
             The game lasted 00:10:33 (3568 turns).

MeArio the Shield-Bearer (Minotaur Fighter)         Turns: 3568, Time: 00:10:34

Health: -9/63      AC:  7    Str: 22    XL:     7   Next: 48%
Magic:  6/6        EV:  7    Int:  5    God:
Gold:   193        SH:  6    Dex: 10    Spells: 6/6 levels left

rFire   . . .      SeeInvis .   a - +0 long sword
rCold   . . .      Faith    .   c - +1 buckler
rNeg    . . .      Spirit   .   s - +0 chain mail
rPois   .          Reflect  .   (helmet restricted)
rElec   .          Harm     .   n - +0 cloak
rCorr   .          Rampage  .   (no gloves)
Will    .....                   (no boots)
Stlth   ..........              h - amulet of regeneration
HPRegen 1.00/turn               (no ring)
MPRegen 0.10/turn               (no ring)

@: corroded
A: horns 2, retaliatory headbutt
a: no special abilities


You were on level 5 of the Dungeon.
You visited 1 branch of the dungeon, and saw 5 of its levels.

You collected 193 gold pieces.

Inventory:

Hand Weapons
 a - a +0 long sword (weapon)
Missiles
 g - 11 poisoned darts (quivered)
Armour
 c - a +1 buckler (worn)
 n - a +0 cloak (worn)
 s - a +0 chain mail (worn)
Jewellery
 f - an amulet of magic regeneration
 h - an amulet of regeneration (around neck)
 k - an amulet of faith
Wands
 m - a wand of polymorph (15)
Scrolls
 j - a scroll of enchant armour
 q - a scroll of summoning {unknown}
 t - a scroll of teleportation
Potions
 d - 2 potions of might
 e - a potion of flight
 i - 6 potions of curing
 l - a potion of attraction
 o - 2 potions of resistance {unknown}
 p - a potion of heal wounds {unknown}
 r - a potion of invisibility
 u - a potion of cancellation


   Skills:
 + Level 6.1 Fighting
 + Level 5.4 Long Blades
 + Level 6.1 Armour
 + Level 6.2 Shields


You had 6 spell levels left.
You didn't know any spells.
Your spell library contained the following spells:

 Spells                   Type           Power      Damage    Failure   Level
 Shock                    Conj/Air       0%         1d3       99%         1
 Summon Small Mammal      Summ           0%         N/A       99%         1
 Call Canine Familiar     Summ           0%         N/A       100%        3
 Summon Guardian Golem    Hex/Summ       0%         N/A       100%        3
 Swiftness                Air            0%         N/A       100%        3
 Airstrike                Air            0%         N/A       100%        4


Dungeon Overview and Level Annotations

Branches:
Dungeon (5/15)
 Temple: D:4-7

Altars:

Shops:
D:2 =(!(


Innate Abilities, Weirdness & Mutations

You have a pair of horns on your head.
You reflexively headbutt those who attack you in melee.


Message History

Found a stone staircase leading down.
You see here a +0 cloak.
You see here a +0 cloak.
You open the door.
There is an open door here.
An acid dragon is nearby!
The acid dragon roars!
Found a metallic inky potion.
The acid dragon bites you!
The acid dragon claws you but does no damage.
You barely miss the acid dragon. Your headbutt misses the acid dragon.
The acid dragon closely misses you. You furiously retaliate!
You headbutt the acid dragon, but do no damage.
The acid dragon claws you but does no damage.
You barely miss the acid dragon. You headbutt the acid dragon!
The acid dragon is moderately wounded.
The acid dragon bites you but does no damage.
You block the acid dragon's attack.
You hit the acid dragon but do no damage.
The acid dragon is moderately wounded.
The acid dragon spits acid at you. The splash of acid hits you!!
You closely miss the acid dragon.
You headbutt the acid dragon, but do no damage.
The acid dragon is moderately wounded.
You block the acid dragon's attack. x2; The acid dragon barely misses you.
The acid dragon claws you.
You completely miss the acid dragon. Your headbutt misses the acid dragon.
The acid dragon is moderately wounded.
The acid dragon bites you.
The acid dragon claws you but does no damage.
You closely miss the acid dragon. You headbutt the acid dragon.
The acid dragon is heavily wounded.
The acid dragon spits acid at you. The splash of acid hits you!!
* * * LOW HITPOINT WARNING * * *
The acid corrodes you!
You closely miss the acid dragon.
The acid dragon is heavily wounded.
The acid dragon bites you!
You die...

#...#....#..##......#
#.#.####
###...#....##.##......#
#.#.....
...........'......<#'##
#.######
.#...##....###.#####.#
#....... .#.#########
#..####.############
.#.# ##..............#
.#.# #..###.#######.#
.#.############..# #.#
#.# ...............#@#
#.#######.####
)#.##..[...###.#D#
#...........).
<..........'.#.#.#
#..######.####
.#.##......#.#.#.. #..#
#.# .#.##......#.#.#..
#..# #.#
.#.##......#.#.#..##..#
#.#
.#.##......#.#.#..##..#
#.#
.#.##......#.#.#.!.#..#
#.# .#.##......#.#.#
#..# #.#


You could see an acid dragon (catching breath).

Vanquished Creatures
  A black bear (D:5)
  An ice beast (D:5)
  A phantom (D:5)
  A scorpion (D:4)
  2 hounds
  3 orc priests
  Jessica (D:2)
  2 orc wizards
  Robin (D:3)
  5 gnolls
  5 adders
  A shadow imp (D:5)
  13 orcs
  9 ball pythons
  2 bats (D:3)
  9 endoplasms
  2 giant cockroaches
  10 goblins
  7 hobgoblins
  6 jackals
  6 quokkas
  A frilled lizard (D:2)
  4 kobolds
  4 rats
97 creatures vanquished.

Notes
Turn   | Place    | Note
-------+----------+-------------------------------------------
     0 | D:1      | MeArio the Minotaur Fighter began the quest for the Orb.
     0 | D:1      | Reached XP level 1. HP: 19/19 MP: 0/0
   612 | D:1      | Reached XP level 2. HP: 27/27 MP: 1/1
   958 | D:2      | Found a faded altar of an unknown god.
   959 | D:2      | Noticed Jessica
   973 | D:2      | Killed Jessica
   974 | D:2      | Reached XP level 3. HP: 33/33 MP: 2/2
  1105 | D:2      | Found Yliveiz's Distillery.
  1161 | D:2      | Found Ideorer's Weapon Shoppe.
  1290 | D:2      | Reached XP level 4. HP: 40/40 MP: 3/3
  1343 | D:2      | Found Weropasm's Jewellery Shoppe.
  1538 | D:2      | Found Piolu's Antique Weapon Emporium.
  1770 | D:3      | Reached XP level 5. HP: 47/47 MP: 4/4
  2126 | D:3      | Noticed Robin
  2137 | D:3      | Killed Robin
  2359 | D:3      | Reached skill level 5 in Fighting
  2359 | D:3      | Reached skill level 5 in Armour
  2359 | D:3      | Reached skill level 5 in Shields
  2709 | D:4      | Reached XP level 6. HP: 56/56 MP: 5/5
  2996 | D:5      | Entered Level 5 of the Dungeon
  3005 | D:5      | Noticed an acid dragon
  3181 | D:5      | Noticed an ice beast
  3192 | D:5      | Killed an ice beast
  3193 | D:5      | Reached XP level 7. HP: 53/62 MP: 6/6
  3250 | D:5      | Reached skill level 5 in Long Blades
  3567 | D:5      | HP: 2/63 [acid dragon/splash of acid (20)]
  3568 | D:5      | Mangled by an acid dragon

Illustrated notes

Levels and vault maps discovered:
D:1:      minmay_arrival_semitransparent, layout_basic
D:2:      layout_loops_ring, serial_shops, nicolae_shop_statue_plus, shop,
          shop_statue, nicolae_lakefront_shop, ebering_ecumenical_altar_rust,
          item_on_display_a, uniq_jessica
D:3:      layout_loops_ring, uniq_robin
D:4:      layout_rooms, grunt_tough_drop
D:5:      layout_basic

Skill      XL: |  1  2  3  4  5  6  7 |
---------------+----------------------+-----
Armour         | 4 5 6 |  6.1
Shields        | 4 5 6 |  6.2
Fighting       | 4 5 6 |  6.1
Long Blades    | 3 4 5 |  5.4

Action                   |  1- 3 |  4- 6 |  7- 9 || total
-------------------------+-------+-------+-------++-------
Melee: Long sword        |    65 |   156 |    38 ||   259
       Headbutt          |     9 |    27 |     8 ||    44
  Use: Scroll            |       |    12 |       ||    12
Armor: Scale mail        |    22 |    64 |     1 ||    87
       Chain mail        |       |       |    16 ||    16
Dodge: Dodged            |    22 |    60 |    14 ||    96
Block: Buckler           |    12 |    41 |     7 ||    60

Table legend: (Time is in decaauts)
 A = Elapsed time spent in this place.
 B = Non-inter-level travel time spent in this place.
 C = Inter-level travel time spent in this place.
 D = Time resting spent in this place.
 E = Time spent auto-exploring this place.
 F = Levels seen in this place.
 G = Mean time per level.
                   A        B        C        D        E       F      G
               +--------+--------+--------+--------+--------+-----+--------+
         Total |   3643 |   3495 |    148 |     83 |   2389 |   5 |  728.6 |
       Dungeon |   3643 |   3495 |    148 |     83 |   2389 |   5 |  728.6 |
               +--------+--------+--------+--------+--------+-----+--------+

Top non-repeatable levels by time:
     D:1: 921 daAuts
     D:3: 772 daAuts
     D:4: 751 daAuts
     D:2: 727 daAuts
     D:5: 471 daAuts
